 Dungeon Crawl Stone Soup version 0.23.2-30-g0e89c35649 (webtiles) character file.

Game seed: 12448738523879507394

84798 Hivemind the Bludgeoner (level 15, -9/123 HPs)
             Began as a Minotaur Berserker on June 10, 2019.
             Was a High Priest of Trog.
             Killed from afar by Nikola (28 damage)
             ... with a chain lightning
             ... on level 1 of the Swamp.
             The game lasted 02:49:02 (24251 turns).

Hivemind the Bludgeoner (Minotaur Berserker)       Turns: 24251, Time: 02:49:04

Health: -9/123     AC: 38    Str: 23      XL:     15   Next: 36%
Magic:  4/4        EV: 13    Int:  6 (7)  God:    Trog [*****.]
Gold:   2586       SH:  0    Dex: 25      Spells: 14/14 levels left

rFire    . . .     SeeInvis .   a - +2 great mace (antimagic)
rCold    . . .     Gourm    +   (shield currently unavailable)
rNeg     . . .     Faith    .   W - +8 orange crystal plate armour {Archmagi, Int+3 Clar}
rPois    .         Spirit   .   (helmet restricted)
rElec    .         Reflect  .   f - +0 cloak
rCorr    .         Harm     .   G - +0 pair of gloves
MR       +++..     Clarity  +   R - +0 pair of boots
Stlth    ..........             i - amulet of the gourmand
HPRegen  1.30/turn              B - +5 ring of dexterity
MPRegen  0.09/turn              w - +5 ring of dexterity

@: berserk cooldown, very slightly contaminated, regenerating, slowed,
invisible, very slow
A: retaliatory headbutt, horns 2, deterioration 1
a: Berserk, Trog's Hand, Brothers in Arms, Renounce Religion


You were on level 1 of the Swamp.
You worshipped Trog.
Trog was extremely pleased with you.
You were full.

You visited 4 branches of the dungeon, and saw 22 of its levels.
You also visited: Ossuary.

You collected 2586 gold pieces.

Inventory:

Hand Weapons
 a - a +2 antimagic great mace (weapon)
 r - a +4 great mace of flaming
 P - a +4 great mace of holy wrath
Missiles
 e - 3 silver javelins
 M - a throwing net
 N - 3 tomahawks of returning
 Q - 5 tomahawks (quivered)
 S - a steel tomahawk
 Z - a javelin
Armour
 f - a +0 cloak (worn)
 x - a +2 shield
 G - a +0 pair of gloves (worn)
 R - a +0 pair of boots (worn)
 W - the +8 orange crystal plate armour (worn) {Archmagi, Int+3 Clar}
   (You found it on level 3 of the Lair of Beasts)

   It affects your intelligence (+3).
   It protects you against confusion.
Jewellery
 i - an amulet of the gourmand (around neck)
 w - a +5 ring of dexterity (right hand)
 B - a +5 ring of dexterity (left hand)
 L - an uncursed ring of ice
Wands
 m - a wand of scattershot (13)
 n - a wand of iceblast (14)
 t - a wand of flame (3)
 u - a wand of acid (24)
 y - a wand of paralysis (35)
 z - a wand of disintegration (24)
 O - a wand of clouds (4)
 Y - a wand of digging (4)
Scrolls
 b - 6 scrolls of enchant armour
 g - 4 scrolls of fog
 k - 13 scrolls of remove curse
 o - 10 scrolls of teleportation
 p - 5 scrolls of enchant weapon
 A - 2 scrolls of fear {unknown}
 C - a scroll of magic mapping
 T - 2 scrolls of silence {unknown}
Potions
 d - 3 potions of flight
 h - 2 potions of invisibility
 j - 8 potions of curing
 q - 2 potions of magic {unknown}
 s - 3 potions of agility
 v - 7 potions of might
 D - 5 potions of haste
 F - 3 potions of resistance
 H - 4 potions of brilliance
 I - 3 potions of lignification
 J - a potion of ambrosia {unknown}
 K - a potion of berserk rage {unknown}
Miscellaneous
 V - a box of beasts
Comestibles
 c - 47 rations


   Skills:
 + Level 8.4 Fighting
 - Level 20.0 Maces & Flails
 + Level 7.3 Throwing
 + Level 17.4 Armour
 + Level 11.6 Dodging
 - Level 4.2 Shields


You had 14 spell levels left.
You didn't know any spells.
Your spell library was empty.

Dungeon Overview and Level Annotations

Branches:
Dungeon (13/15)            Temple (0/1) D:5            Lair (6/6) D:9
  Swamp (1/4) Lair:4        Snake (0/4) Lair:3        Slime (0/5) Lair:6
    Orc (2/2) D:11            Elf (0/3) Orc:2        Vaults (0/5) D:13

Altars:
Ashenzari
Cheibriados
Fedhas
Kikubaaqudgha
Makhleb
Qazlal
Ru
Sif Muna
Uskayaw
Wu Jian
Xom
Yredelemnul
Zin
The Shining One
Beogh
Jiyva

Shops:
D:6 ?   D:10 [=}[   D:12 !   Orc:2 *[=(

Annotations:
Lair:3 3 runed translucent doors, Luuwnalu's ghost, journeyman KoHu
Lair:5 exclusion: 4 oklob plants
Lair:6 1 runed translucent door, exclusion: oklob plant, OdinFK's ghost, journeyman TrBe
Swamp:1 Nikola


Innate Abilities, Weirdness & Mutations

You reflexively headbutt those who attack you in melee.
You have a pair of horns on your head.
Your body sometimes deteriorates upon taking damage.


Message History

You feel much better.
You are engulfed in noxious fumes.
* * * LOW HITPOINT WARNING * * *
You fade into invisibility!
You choke on the stench!
You feel momentarily confused.
Nikola is engulfed in noxious fumes.
Nikola casts a spell.
Nikola blinks!
You are very lightly contaminated with residual magic.
Your skin crawls.
You feel resistant to hostile enchantments.
You feel somewhat less full.
A swamp drake comes into view.
Nikola mumbles some strange words.
You hear a mighty clap of thunder!
The lightning arc hits you!
* * * LOW HITPOINT WARNING * * *
The lightning arc hits the swamp drake!!
The swamp drake dies!
The lightning arc hits you!!
You die...

..≈..≈≈≈.††♣♣♣♣♣♣
♣≈≈
....≈..≈≈≈≈..♣♣
..≈
≈≈≈≈≈..≈≈≈≈≈..♣
...♣
≈≈≈≈..>≈≈≈≈≈≈♣♣
♣..≈♣
≈≈.≈≈≈.≈≈≈≈.♣♣♣
♣.≈≈♣
≈.≈≈≈..≈≈≈≈..≈♣
.......≈≈≈..≈♣♣
.......@...♣♣♣♣
♣......@..♣♣ ≈♣
≈.≈≈≈.≈≈..♣♣..♣
..≈≈≈.≈≈≈..†.≈♣
.≈≈..≈≈≈≈..†.≈...≈
§.≈...≈≈≈≈≈.(.≈≈≈.
≈..≈≈..≈.♣♣♣.(≈≈≈.
≈.§≈...≈.♣ ≈≈≈≈≈≈
k.≈....≈.§ ..≈≈≈≈
≈.≈≈.≈≈≈. .≈≈≈.


You could see Nikola and a swamp drake (wandering).

Vanquished Creatures
  Rupert (Lair:4)
  An ettin (D:13)
  The ghost of Descartes the Fighter, a journeyman DsWr of Cheibriados (Orc:1)
  Harold (D:7)
  6 hydras
  The ghost of Ananasrisotto the Blocker, a journeyman FoFi of Okawaru (D:11)
  A catoblepas (Lair:6)
  6 two-headed ogres
  A dancing weapon (Orc:1)
  A centaur warrior (D:13)
  5 alligators (Swamp:1)
  3 orc high priests (Orc:2)
  6 death yaks
  Urug (Lair:4)
  2 unseen horrors
  2 lindwurms (Lair:6)
  4 orc knights (Orc:2)
  5 orc sorcerers
  An ugly thing (D:11)
  A manticore (D:13)
  4 cyclopes
  9 elephants
  5 black mambas
  A centaur skeleton (D:10)
  14 spiny frogs
  7 komodo dragons
  5 rime drakes
  A kobold demonologist (D:12)
  A queen bee (Lair:3)
  13 polar bears
  6 trolls
  A bog body (Swamp:1)
  A tyrant leech (Lair:4)
  A hornet (D:13)
  Prince Ribbit (D:7)
  21 blink frogs
  3 slime creatures (D:13)
  2 dream sheep (Lair:6)
  7 hippogriffs
  A vampire (D:12)
  2 wyverns (D:13)
  2 wraiths
  A shadow (D:13)
  33 yaks
  5 basilisks
  3 hungry ghosts
  3 vampire mosquitoes (Swamp:1)
  A naga (shapeshifter) (D:13)
  3 wargs
  2 swamp worms
  23 water moccasins
  An acid dragon (D:11)
  34 orc warriors
  13 porcupines
  6 sky beasts
  A black bear (Lair:4)
  2 ice beasts (D:8)
  A phantom (D:7)
  2 necrophages
  14 ogres
  12 centaurs
  23 crocodiles
  3 big kobolds
  14 bullfrogs
  A wyvern skeleton (D:10)
  3 scorpions
  37 killer bees
  12 wights
  2 electric eels
  2 howler monkeys
  6 crimson imps
  A bullfrog zombie (D:9)
  A quasit (D:7)
  3 centaur zombies
  A lava snake (Lair:6)
  40 orc priests
  9 hounds
  A jelly (D:13)
  39 orc wizards
  Crazy Yiuf (D:4)
  3 bullfrog skeletons
  9 iguanas
  5 worker ants
  A big kobold zombie (Ossuary)
  8 mummies (Ossuary)
  A hound skeleton (D:9)
  20 adders
  2 shadow imps
  2 oozes (D:1)
  2 adder skeletons
  3 worms (D:2)
  2 dart slugs
  11 leopard geckos
  113 orcs
  3 bats
  10 giant cockroaches
  A gnoll zombie (Ossuary)
  9 goblins
  6 hobgoblins
  11 jackals
  4 quokkas
  A ball python (Lair:3)
  12 frilled lizards
  4 hobgoblin zombies (Ossuary)
  19 kobolds
  A kobold zombie (Ossuary)
  An orc zombie (Ossuary)
  A quokka skeleton (D:5)
  3 rats
785 creatures vanquished.

Vanquished Creatures (collateral kills)
  An orc warlord (Orc:2)
  A hydra (Lair:6)
  A death yak (Lair:6)
  An elephant (D:9)
  2 spiny frogs
  A big kobold (D:9)
  An orc (D:13)
8 creatures vanquished.

Vanquished Creatures (others)
  A swamp drake (Swamp:1)
  A hell rat (Lair:6)
  2 fungi
  7 plants
  2 withered plants (Lair:6)
13 creatures vanquished.

Grand Total: 806 creatures vanquished

Notes
Turn   | Place    | Note
-------+----------+-------------------------------------------
     0 | D:1      | Hivemind the Minotaur Berserker began the quest for the
                  | Orb.
     0 | D:1      | Reached XP level 1. HP: 19/19 MP: 0/0
    38 | D:1      | Reached skill level 4 in Maces & Flails
   315 | D:1      | Reached XP level 2. HP: 26/26 MP: 1/1
   537 | D:1      | Reached skill level 5 in Maces & Flails
   596 | D:1      | Reached XP level 3. HP: 31/31 MP: 2/2
  1873 | D:2      | Reached ** piety under Trog
  1965 | D:2      | Reached XP level 4. HP: 39/39 MP: 3/3
  2040 | D:2      | Reached skill level 6 in Maces & Flails
  2407 | D:3      | Found a burning altar of Makhleb.
  2573 | D:3      | Found a stormy altar of Qazlal.
  2689 | D:4      | Reached skill level 7 in Maces & Flails
  2689 | D:4      | Reached XP level 5. HP: 45/45 MP: 4/4
  2746 | D:4      | Noticed an ogre
  2888 | D:4      | Found an ancient bone altar of Kikubaaqudgha.
  2985 | D:4      | Reached skill level 8 in Maces & Flails
  2989 | D:4      | Reached XP level 6. HP: 48/51 MP: 5/5
  3175 | D:4      | Reached skill level 1 in Shields
  3381 | D:4      | Reached skill level 9 in Maces & Flails
  3519 | D:4      | Reached XP level 7. HP: 55/57 MP: 6/6
  3560 | D:4      | Found a deep blue altar of Sif Muna.
  3733 | D:4      | Found a runed translucent door.
  3734 | D:4      | Noticed Crazy Yiuf
  3741 | D:4      | Killed Crazy Yiuf
  3884 | D:5      | Entered Level 5 of the Dungeon
  4053 | D:5      | Reached *** piety under Trog
  4278 | D:5      | Found a glowing golden altar of the Shining One.
  4514 | D:5      | Found a glowing silver altar of Zin.
  4613 | D:5      | Found a staircase to the Ecumenical Temple.
  4782 | D:5      | Got a pitted mace
  4783 | D:5      | Identified the +5 mace of Veishuisock {crush, rElec rN+
                  | Int+4} (You found it on level 5 of the Dungeon)
  4794 | D:4      | Found a basalt altar of Yredelemnul.
  4875 | D:6      | Found Axaiss's Magic Scroll Boutique.
  4902 | D:6      | Reached skill level 10 in Maces & Flails
  5110 | D:6      | Reached XP level 8. HP: 66/66 MP: 7/7
  5457 | D:7      | Found a glowing silver altar of Zin.
  5493 | D:7      | Noticed Prince Ribbit
  5508 | D:7      | Killed Prince Ribbit
  5508 | D:7      | Reached skill level 5 in Fighting
  5530 | D:7      | Reached skill level 11 in Maces & Flails
  5821 | D:7      | Reached skill level 5 in Armour
  5823 | D:7      | Reached **** piety under Trog
  5823 | D:7      | Reached XP level 9. HP: 75/75 MP: 8/8
  5973 | D:7      | Found a snail-covered altar of Cheibriados.
  6248 | D:7      | Found a sacrificial altar of Ru.
  6260 | D:7      | Found a shattered altar of Ashenzari.
  6279 | D:7      | Found an ornate altar of the Wu Jian Council.
  6299 | D:7      | Noticed Harold
  6315 | D:7      | Killed Harold
  6315 | D:7      | Reached skill level 5 in Dodging
  6357 | D:7      | Found a blossoming altar of Fedhas.
  6519 | D:8      | Reached skill level 12 in Maces & Flails
  6633 | D:8      | Found a sand-covered staircase.
  6657 | Ossuary  | Entered an ossuary
  6992 | D:8      | Found a hide-covered altar of Uskayaw.
  7100 | D:8      | Got an amethyst-encrusted chain mail
  7111 | D:8      | Identified the +8 chain mail "Zismoer" {rN+++ Str+2 Dex+3
                  | Slay-2 Stlth+} (You found it on level 8 of the Dungeon)
  7136 | D:8      | Reached XP level 10. HP: 83/83 MP: 9/9
  7311 | D:8      | Reached ***** piety under Trog
  7908 | D:9      | Noticed an elephant
  7937 | D:9      | Found a staircase to the Lair.
  8274 | D:9      | Reached skill level 13 in Maces & Flails
  8559 | D:9      | Found an ornate altar of the Wu Jian Council.
  8758 | D:9      | Found a glowing golden altar of the Shining One.
  8949 | D:9      | Killed an elephant
  9109 | Lair:1   | Entered Level 1 of the Lair of Beasts
  9252 | Lair:1   | Received a gift from Trog
  9399 | Lair:1   | Reached XP level 11. HP: 89/89 MP: 3/10
  9421 | Lair:1   | Noticed a seven-headed hydra
  9428 | Lair:1   | Killed a seven-headed hydra
  9428 | Lair:1   | Reached skill level 10 in Armour
  9628 | Lair:1   | Reached skill level 14 in Maces & Flails
 10107 | Lair:2   | Reached skill level 10 in Dodging
 10286 | Lair:2   | Noticed a four-headed hydra
 10294 | Lair:2   | Killed a four-headed hydra
 10854 | Lair:2   | Reached skill level 15 in Maces & Flails
 11495 | Lair:3   | Found a shattered altar of Ashenzari.
 11576 | Lair:3   | Found the +8 orange crystal plate armour {Archmagi, Int+3
                  | Clar}
 11978 | Lair:3   | Reached XP level 12. HP: 88/96 MP: 3/11
 12026 | Lair:3   | Found a staircase to the Snake Pit.
 12079 | Lair:3   | Reached skill level 16 in Maces & Flails
 12265 | Lair:3   | Found a runed translucent gate.
 12267 | Lair:3   | Found a runed translucent gate.
 12267 | Lair:3   | Found a runed translucent gate.
 12267 | Lair:3   | Noticed Luuwnalu's ghost (journeyman KoHu)
 12563 | Lair:4   | Noticed Urug
 12605 | Lair:4   | Reached skill level 17 in Maces & Flails
 12815 | Lair:4   | Killed Urug
 13008 | Lair:4   | Noticed Rupert
 13025 | Lair:4   | Killed Rupert
 13025 | Lair:4   | Reached skill level 1 in Throwing
 13110 | Lair:4   | Noticed a seven-headed hydra
 13198 | Lair:4   | Noticed a death yak
 13339 | Lair:4   | Noticed a death yak
 13339 | Lair:4   | Noticed a death yak
 13339 | Lair:4   | Noticed a death yak
 13348 | Lair:3   | Killed a death yak
 13375 | Lair:4   | Killed a seven-headed hydra
 13426 | Lair:4   | Reached skill level 18 in Maces & Flails
 13488 | Lair:4   | Reached XP level 13. HP: 93/104 MP: 12/12
 13733 | Lair:4   | Found a staircase to the Swamp.
 14891 | Lair:5   | Received a gift from Trog
 15503 | Lair:6   | Entered Level 6 of the Lair of Beasts
 15730 | Lair:6   | Found a staircase to the Slime Pits.
 15730 | Lair:6   | Found a viscous altar of Jiyva.
 15738 | Lair:6   | Reached skill level 5 in Throwing
 15755 | Lair:6   | Found a runed translucent door.
 15756 | Lair:6   | Noticed OdinFK's ghost (journeyman TrBe)
 15764 | Lair:6   | Reached skill level 19 in Maces & Flails
 16256 | Lair:6   | Received a gift from Trog
 16582 | Lair:6   | Reached XP level 14. HP: 111/111 MP: 4/13
 16601 | Lair:6   | Found the +3 salamander hide armour {+Rage rF++}
 16851 | Lair:6   | Got a pair of steaming gloves
 16862 | Lair:6   | Identified the -4 pair of gloves of Ru's Benevolence {rPois
                  | rF- MR- Int+8} (You found it on level 6 of the Lair of
                  | Beasts)
 17352 | D:10     | Entered Level 10 of the Dungeon
 17382 | D:10     | Found Huwu's Armour Shop.
 17456 | D:10     | Found Galobre's Jewellery Shoppe.
 17864 | D:10     | Found Rishrygh's Antique Armour Shop.
 17925 | D:10     | Reached skill level 20 in Maces & Flails
 17943 | D:10     | Found Qegroa's Gadget Boutique.
 18425 | D:11     | Found a runed translucent door.
 18425 | D:11     | Noticed Ananasrisotto's ghost (journeyman FoFi)
 18428 | D:11     | Found a staircase to the Orcish Mines.
 18535 | D:11     | Identified the cursed +1 ring mail of Impressiveness {MP+9
                  | SInv Stlth+}
 18564 | D:11     | Received a gift from Trog
 19412 | D:11     | Killed Ananasrisotto's ghost
 19554 | D:12     | Reached skill level 15 in Armour
 19911 | D:12     | You fall through a shaft!
 20286 | D:12     | Received a gift from Trog
 20605 | D:12     | Found Jejeuv's Distillery.
 20826 | D:13     | Found a gate to the Vaults.
 21265 | Orc:1    | Entered Level 1 of the Orcish Mines
 21265 | Orc:1    | Found a runed translucent door.
 21265 | Orc:1    | Found a shimmering altar of Xom.
 21265 | Orc:1    | Noticed Descartes's ghost (journeyman DsWr)
 21574 | Orc:1    | Found a roughly hewn altar of Beogh.
 21808 | Orc:1    | Killed Descartes's ghost
 21829 | Orc:2    | Entered Level 2 of the Orcish Mines
 21846 | Orc:2    | Received a gift from Trog
 21924 | Orc:2    | Found a staircase to the Elven Halls.
 22323 | Orc:2    | Reached XP level 15. HP: 118/118 MP: 4/14
 22894 | Orc:2    | Received a gift from Trog
 22974 | Orc:2    | Gained mutation: Your body sometimes deteriorates upon
                  | taking damage. [a neqoxec]
 23109 | Orc:2    | Paralysed by an orc sorcerer for 2 turns
 23170 | Orc:2    | Paralysed by an orc sorcerer for 7 turns
 23498 | Orc:2    | Noticed an orc warlord
 23506 | Orc:2    | Killed an orc warlord
 23700 | Orc:2    | Found Nuruiv's Antique Armour Shop.
 23701 | Orc:2    | Found Luehum's Antique Weapon Boutique.
 23702 | Orc:2    | Found Eveidadue's General Store.
 23702 | Orc:2    | Found Neekhyle's Jewellery Shop.
 24090 | Swamp:1  | Entered Level 1 of the Swamp
 24234 | Swamp:1  | Noticed Nikola
 24251 | Swamp:1  | Killed from afar by Nikola

Skill      XL: |  1  2  3  4  5  6  7  8  9 10 11 12 13 14 15 |
---------------+----------------------------------------------+-----
Maces & Flails | 4 5 7 8 9 10 11 12 13 15 18 19 20 | 20.0
Shields        | 3 4 |  4.2
Fighting       | 5 6 7 8 |  8.4
Armour         | 5 7 9 11 13 17 | 17.4
Dodging        | 4 7 9 10 11 | 11.6
Throwing       | 2 6 7 |  7.3

Action                   |  1- 3 |  4- 6 |  7- 9 | 10-12 | 13-15 || total
-------------------------+-------+-------+-------+-------+-------++-------
Melee: Mace              |    68 |    89 |   226 |    41 |       ||   424
       Headbutt          |     5 |    19 |    58 |   171 |   327 ||   580
       Flail             |       |       |       |   123 |       ||   123
       Great mace        |       |       |       |   361 |   926 ||  1287
Throw: Stone             |     3 |     1 |   151 |   213 |    14 ||   382
       Throwing net      |       |       |     1 |     2 |     8 ||    11
       Tomahawk          |       |       |       |    13 |   337 ||   350
       Javelin           |       |       |       |    12 |   109 ||   121
Invok: Berserk           |     2 |     4 |     7 |    10 |     9 ||    32
       Trog's Hand       |       |     2 |       |     2 |     3 ||     7
       Brothers in Arms  |       |       |       |     2 |     4 ||     6
  Use: Scroll            |       |       |     7 |     5 |    17 ||    29
       Potion            |       |       |       |       |     9 ||     9
 Stab: Sleeping          |       |       |     1 |       |       ||     1
       Distracted        |       |       |       |     1 |       ||     1
       Held in net/web   |       |       |       |     2 |       ||     2
       Petrified         |       |       |       |       |     1 ||     1
  Eat: Chunk             |     1 |    10 |    15 |    21 |    58 ||   105
       Ration            |     1 |       |     1 |     3 |       ||     5
Armor: Animal skin       |    12 |     5 |       |       |       ||    17
       Leather armour    |       |     1 |    14 |       |       ||    15
       Storm dragon scal |       |       |    17 |       |       ||    17
       Chain mail        |       |       |       |   186 |       ||   186
       Crystal plate arm |       |       |       |    38 |   615 ||   653
Dodge: Dodged            |    46 |    39 |    78 |   396 |   399 ||   958
Block: Buckler           |       |     4 |    37 |    27 |       ||    68
